 Dungeon Crawl Stone Soup version 0.31-a0-325-g067879e3d3 (webtiles) character file.

Game seed: 3461799149311951524

413 cforsyth the Changeling (level 6, -6/48 HPs)
             Began as a Vampire Shapeshifter on July 18, 2023.
             Was an Initiate of Hepliaklqana.
             Mangled by an ogre
             ... wielding a +0 giant spiked club
              (15 damage)
             ... on level 3 of the Dungeon.
             The game lasted 00:03:50 (2739 turns).

cforsyth the Changeling (Vampire Shapeshifter)      Turns: 2739, Time: 00:03:51

Health: -6/48      AC: 10    Str: 16    XL:     6   Next: 59%
Magic:  6/6        EV:  5    Int: 10    God:    Hepliaklqana [......]
Gold:   125        SH:  0    Dex: 15    Spells: 5/5 levels left

rFire   . .          .
                       - Unarmed
rCold   . . .        (no shield)
rNeg    . . .        k - +0 plate armour
rPois   .            (helmet currently unavailable)
rElec   .            (cloak currently unavailable)
rCorr   .            (gloves currently unavailable)
SInv    +            (boots currently unavailable)
Will    .....        e - amulet of magic regeneration Stlth
                     (no ring)
HPRegen 0.48/turn    (no ring)
MPRegen 0.50/turn

%: no passive effects
@: beast-form, healing quickly
A: beast (slay +3), alive, fangs 3, see invisible, vampiric 2
a: Exsanguinate, Begin Untransformation, Renounce Religion


You were on level 3 of the Dungeon.
You worshipped Hepliaklqana.
Hepliaklqana was noncommittal.
You were a hulking beast.
You visited 2 branches of the dungeon, and saw 5 of its levels.

You collected 125 gold pieces.

Inventory:

Armour
 a - a +0 animal skin
 k - a +0 plate armour (worn)
Jewellery
 e - an amulet of magic regeneration (around neck)
 l - an amulet of guardian spirit
Talismans
 c - a beast talisman
Wands
 n - a wand of digging (4)
Scrolls
 b - a scroll of vulnerability {unknown}
 d - 5 scrolls of identify {unknown}
 f - 2 scrolls of enchant weapon {unknown}
 m - a scroll of teleportation {unknown}
Potions
 g - 2 potions of mutation {unknown}
 h - 3 potions of attraction {unknown}
 i - a potion of brilliance {unknown}
 j - 2 potions of curing {unknown}


   Skills:
 + Level 4.0 Fighting
 - Level 2.1 Dodging
 + Level 4.7 Unarmed Combat
 + Level 4.9 Shapeshifting


You had 5 spell levels left.
You didn't know any spells.
Your spell library contained the following spells:

 Spells                   Type           Power      Damage    Failure   Level
 Foxfire                  Conj/Fire      0%         2x1d4     100%        1
 Sting                    Tmut/Pois      0%         1d3       100%        1
 Cigotuvi's Dreadful Rot  Necr/Pois/Air  0%         N/A       100%        2
 Poisonous Vapours        Pois/Air       0%         N/A       100%        2
 Vhi's Electric Charge    Tloc/Air       0%         N/A       100%        3
 Dispel Undead            Necr           0%         3d6       100%        4
 Olgreb's Toxic Radiance  Pois           0%         N/A       100%        4
 Arcjolt                  Conj/Air       0%         1d10      100%        5
 Death Channel            Necr           0%         N/A       100%        6
 Plasma Beam              Fire/Air       0%         2x1d10    100%        6
 Starburst                Conj/Fire      0%         6d3       100%        6


Dungeon Overview and Level Annotations

Branches:
Dungeon (4/15)             Temple (1/1) D:4

Altars:
Ashenzari
Cheibriados
Dithmenos
Gozag
Hepliaklqana
Kikubaaqudgha
Makhleb
Qazlal
Ru
Trog
Uskayaw
Wu Jian
Xom

Shops:
D:1 (?   D:2 =


Innate Abilities, Weirdness & Mutations

You are a hulking beast.
Your limbs bulge with bestial killing power. (Slay +3)
Your natural rate of healing is accelerated.
You have razor-sharp teeth.
You have supernaturally acute eyesight. (SInv)
You are afflicted with vampirism and can become a bat while bloodless.


Message History

No target in view!
No target in view!
No target in view!
No target in view!
Found 5 stones.
d - 5 scrolls labelled SEORIS TOIWUVAPI (gained 1)
An ogre is nearby!
An ogre is nearby!
An ogre is nearby!
An ogre is nearby!
The ogre shouts!
You hear a shout!
You hit the ogre.
The ogre is lightly wounded.
The ogre hits you with a +0 giant spiked club.
You barely miss the ogre.
The ogre is lightly wounded.
You barely miss the ogre.
The ogre is lightly wounded.
The ogre hits you with a +0 giant spiked club!!
You hit the ogre. You bite the ogre!
The ogre is moderately wounded.
The ogre hits you with a +0 giant spiked club!!
* * * LOW HITPOINT WARNING * * *
You are too injured to fight recklessly!
You are too injured to fight recklessly!
You are too injured to fight recklessly!
You are too injured to fight recklessly!
You are too injured to fight recklessly!
You are too injured to fight recklessly!
You punch the ogre!
The ogre is severely wounded.
You hit the ogre.
The ogre is severely wounded.
The ogre hits you with a +0 giant spiked club.
* * * LOW HITPOINT WARNING * * *
The rat bites you but does no damage.
You closely miss the ogre.
The ogre is severely wounded.
The ogre hits you with a +0 giant spiked club!
You die...

########..........# ####
#..........# ...# #..........#
######## .#.#
#########..#####......# .#.#
#..........##......# .#.#
#..........##......#
.#.########..........##......####
.....................##..........
...............Oh....##......####
...............r.....#####.###
...........####............######
...........###..######..........#
...........#...## #..........#
...........#.### #(.........#
...).........# #..........#
........r...># #..........#
...........### ############


You could see an ogre and a rat.

Vanquished Creatures
  An ogre (D:4)
  2 phantoms (D:4)
  A hound (D:4)
  An iguana (D:4)
  5 adders
  3 dart slugs
  9 orcs
  6 ball pythons
  8 endoplasms
  4 giant cockroaches
  4 goblins
  5 hobgoblins
  3 jackals (D:2)
  10 kobolds
  A quokka (D:3)
  3 frilled lizards
  2 rats
68 creatures vanquished.

Notes
Turn   | Place    | Note
-------+----------+-------------------------------------------
     0 | D:1      | cforsyth the Vampire Shapeshifter began the quest for the
                  | Orb.
     0 | D:1      | Reached XP level 1. HP: 16/16 MP: 1/1
    61 | D:1      | Found Reimiek's Antique Weapon Shop.
   125 | D:1      | Found The Oracle's Delphic Readings.
   250 | D:1      | Reached XP level 2. HP: 20/22 MP: 2/2
   713 | D:1      | Found a faded altar of an unknown god.
   881 | D:2      | Gained mutation: You are afflicted with vampirism and can
                  | become a bat while bloodless. [Vampire growth]
   881 | D:2      | Reached XP level 3. HP: 22/28 MP: 3/3
   997 | D:2      | Found Hapteena's Jewellery Shop.
  1560 | D:3      | Reached XP level 4. HP: 32/34 MP: 4/4
  1924 | D:3      | Noticed an ogre
  1978 | D:4      | Noticed a phantom
  1982 | D:4      | Noticed a phantom
  1999 | D:4      | Killed a phantom
  2000 | D:4      | Reached XP level 5. HP: 32/41 MP: 5/5
  2013 | D:4      | Killed a phantom
  2090 | D:4      | Found an opulent altar of Gozag.
  2090 | D:4      | Noticed an ogre
  2104 | D:4      | Killed an ogre
  2105 | D:4      | Reached XP level 6. HP: 11/48 MP: 6/6
  2223 | D:4      | Found a bloodstained altar of Trog.
  2255 | D:4      | Found a staircase to the Ecumenical Temple.
  2274 | Temple   | Entered the Ecumenical Temple
  2294 | Temple   | Became a worshipper of Hepliaklqana the Forgotten
  2459 | D:4      | Found a sacrificial altar of Ru.
  2739 | D:3      | Mangled by an ogre

Illustrated notes

Levels and vault maps discovered:
D:1:      dpeg_arrival_round_b, layout_basic,
          chequers_ecumenical_altar_simple_redux, serial_shops,
          nicolae_square_shop, amcnicky_mini_rare_corridor_liquid,
          nicolae_nh_oracle_at_delphi
D:2:      layout_loops_ring, serial_shops, nicolae_shop_gaudy_bauble,
          serial_bayou_lagoon_b
D:3:      layout_basic, gammafunk_ghost_cemetery, minmay_close_crescents
D:4:      layout_rooms, hangedman_ru_absence, bloody_trog,
          nicolae_gozag_seed_capital, minmay_temple_entry_junction_2
Temple:   zaba_magenta_temple

Skill      XL: |  1  2  3  4  5  6 |
---------------+-------------------+-----
Fighting       | 2 3 4 |  4.0
Unarmed Combat | 3 4 |  4.7
Shapeshifting  | 4 |  4.9
Dodging        | |  2.1

Action                     |  1- 3 |  4- 6 || total
---------------------------+-------+-------++-------
  Melee: Unarmed           |    83 |   130 ||   213
         Bite              |     8 |    11 ||    19
         Punch             |     3 |     6 ||     9
    Use: Potion            |       |     1 ||     1
   Stab: Sleeping          |     1 |       ||     1
 Armour: Animal skin       |     5 |       ||     5
         Plate armour      |    13 |    83 ||    96
         Skin              |       |    18 ||    18
  Dodge: Dodged            |    37 |    31 ||    68

Table legend: (Time is in decaauts)
 A = Elapsed time spent in this place.
 B = Non-inter-level travel time spent in this place.
 C = Inter-level travel time spent in this place.
 D = Time resting spent in this place.
 E = Time spent auto-exploring this place.
 F = Levels seen in this place.
 G = Mean time per level.
                   A        B        C        D        E       F      G
               +--------+--------+--------+--------+--------+-----+--------+
         Total |   2754 |   2619 |    135 |     79 |   1997 |   5 |  550.8 |
       Dungeon |   2717 |   2599 |    118 |     79 |   1994 |   4 |  679.2 |
        Temple |     37 |     20 |     17 |      0 |      3 |   1 |   37.0 |
               +--------+--------+--------+--------+--------+-----+--------+

Top non-repeatable levels by time:
     D:1: 756 daAuts
     D:2: 744 daAuts
     D:4: 662 daAuts
     D:3: 553 daAuts
  Temple: 37 daAuts
